 Dungeon Crawl Stone Soup version 0.29.1-14-g9c671dbff4 (webtiles) character file.

Game seed: 15385036353804292125

200 protoss039 the Digger (level 5, 39/39 HPs)
             Began as a Demonspawn Earth Elementalist on Feb 16, 2023.
             Got out of the dungeon alive.
             The game lasted 00:06:08 (3643 turns).

protoss039 the Digger (DsEE)                        Turns: 3643, Time: 00:06:09

Health: 39/39      AC:  3    Str:  8    XL:     5   Next: 49%
Magic:  19/19      EV: 12    Int: 19    God:
Gold:   158        SH:  0    Dex: 15    Spells: 4/10 levels left

rFire   . . .      SeeInvis .   o - +1 dagger (venom)
rCold   . . .      Faith    .   (no shield)
rNeg    . . .      Spirit   .   a - +0 robe
rPois   .          Reflect  .   l - +0 helmet
rElec   .          Harm     .   (no cloak)
rCorr   .          Rampage  .   (no gloves)
Will    .....                   (no boots)
Stlth   +++.......              (no amulet)
HPRegen 0.13/turn               u - ring of wizardry
MPRegen 0.16/turn               t - ring of magical power

@: no status effects
A: thin skeletal structure 1, spiny 1, demonic magic 1
a: no special abilities


You escaped.
You visited 1 branch of the dungeon, and saw 4 of its levels.

You collected 158 gold pieces.

Inventory:

Hand Weapons
 o - a +1 dagger of venom (weapon)
Armour
 a - a +0 robe (worn)
 l - a +0 helmet (worn)
Jewellery
 f - a +6 ring of strength
 t - a ring of magical power (right hand)
 u - a ring of wizardry (left hand)
Scrolls
 e - a scroll of fog {unknown}
 h - a scroll of brand weapon {unknown}
 i - a scroll of identify
 j - a scroll of teleportation {unknown}
 k - 2 scrolls of immolation {unknown}
 m - 2 scrolls of enchant armour {unknown}
 n - a scroll of amnesia {unknown}
 q - a scroll of magic mapping {unknown}
 r - a scroll of torment {unknown}
 v - a scroll of fear {unknown}
Potions
 b - a potion of magic
 c - a potion of lignification
 d - a potion of cancellation {unknown}
 g - 4 potions of curing
 p - 2 potions of might
 s - a potion of haste {unknown}


   Skills:
 + Level 2.7 Fighting
 - Level 1.7 Dodging
 - Level 1.7 Stealth
 + Level 3.3 Spellcasting
 + Level 1.2 Conjurations
 - Level 0.8 Transmutations
 + Level 3.9 Earth Magic


You had 4 spell levels left.
You knew the following spells:

 Your Spells              Type           Power      Damage    Failure   Level
a - Sandblast             Erth           36%        2d10      1%          1
b - Passwall              Tmut/Erth      10%        N/A       3%          2
c - Stone Arrow           Conj/Erth      24%        3d8       6%          3

Your spell library contained the following spells:

 Spells                   Type           Power      Damage    Failure   Level
 Ensorcelled Hibernation  Hex/Ice        6%         N/A       9%          2
 Swiftness                Air            3%         N/A       17%         3
 Petrify                  Tmut/Erth      12%        N/A       22%         4
 Passage of Golubria      Tloc           3%         N/A       47%         4
 Silence                  Hex/Air        1%         N/A       82%         5
 Lehudib's Crystal Spear  Conj/Erth      6%         10d3      100%        8


Dungeon Overview and Level Annotations

Branches:
Dungeon (4/15) Zot: 20329
 Temple: D:4-7

Altars:


Innate Abilities, Weirdness & Mutations

You have a somewhat thin skeletal structure. (Dex +2, Stealth+)
You are partially covered in sharp spines.
Spells you cast may paralyse adjacent enemies.


Message History

You kill the adder!
The ball python is struck by your spines.
You kill the ball python!
You pick up a book of the Moon and begin reading...
You add the spells Passage of Golubria, Silence and Lehudib's Crystal Spear to your library.
No target in view!
A quokka comes into view.
A quokka is nearby!
The quokka is struck by your spines. The quokka closely misses you.
You completely miss the quokka.
The quokka is almost dead.
The quokka bites you.
Unknown command.
You hit the quokka but do no damage.
The quokka is poisoned.
The quokka is almost dead.
The quokka closely misses you.
Unknown command.
You hit the quokka but do no damage.
The quokka looks even sicker.
The quokka is almost dead.
You kill the quokka!
Unknown command.
There is a stone staircase leading up here.
You climb upwards.
There is a stone staircase leading down here.
There is a stone staircase leading down here.
There is a stone staircase leading up here.
You climb upwards.
There is a stone staircase leading down here.
(D) Dungeon
Where to? (Enter - D:3 @ (x,y), ? - help)
What level of the Dungeon? (default 1, ? - help)
There is a stone staircase leading down here.
You see here a +0 chain mail.
There is a stone staircase leading up here.
You climb upwards.
There is a stone staircase leading down here.
You see here a +0 ring mail.
There is a staircase leading out of the dungeon here.
Are you sure you want to leave the Dungeon?
This will make you lose the game!
You have escaped!

######.###.##.......
###..........#####.###
#...########## #.....
#.#.####### #..##.
#.#[#.#.#.# #..##.
#..#.#.#.## #.....
#.#.#.#.#.# #.#.##
#..#.#.#.## #.#.##
#.#.#@#.#.# #.....
#..#.#.#.## ###.##
#.#.#.#.#.# #..#
#..#.#.#(## #.##
########## #.# #.# #.#
#.# #.#


There were no monsters in sight!

Vanquished Creatures
  A phantom (D:4)
  An orc wizard (D:3)
  5 adders
  2 dart slugs
  3 orcs (D:3)
  2 endoplasms (D:1)
  A giant cockroach (D:1)
  4 goblins
  A hobgoblin (D:1)
  5 quokkas
  6 ball pythons
  8 bats
  8 kobolds
  5 rats
52 creatures vanquished.

Notes
Turn   | Place    | Note
-------+----------+-------------------------------------------
     0 | D:1      | protoss039 the Demonspawn Earth Elementalist began the
                  | quest for the Orb.
     0 | D:1      | Reached XP level 1. HP: 13/13 MP: 3/3
   364 | D:1      | Gained mutation: Spells you cast may paralyse adjacent
                  | enemies. [demonic ancestry]
   364 | D:1      | Reached XP level 2. HP: 20/20 MP: 1/5
   422 | D:1      | Learned a level 2 spell: Passwall
   665 | D:1      | Reached skill level 1 in Fighting
  1557 | D:2      | Gained mutation: You have a somewhat thin skeletal
                  | structure. (Dex +2, Stealth+) [demonic ancestry]
  1557 | D:2      | Reached XP level 3. HP: 16/26 MP: 3/6
  2541 | D:3      | Reached XP level 4. HP: 11/33 MP: 6/8
  3358 | D:3      | Learned a level 3 spell: Stone Arrow
  3382 | D:4      | Noticed a phantom
  3392 | D:4      | Killed a phantom
  3393 | D:4      | Reached skill level 1 in Conjurations
  3393 | D:4      | Gained mutation: You are partially covered in sharp spines.
                  | [demonic ancestry]
  3393 | D:4      | Reached XP level 5. HP: 36/39 MP: 9/9
  3643 | D:$      | Got out of the dungeon alive.

Illustrated notes

Levels and vault maps discovered:
D:1:      lightli_arrival_chessboard, layout_loops_cross, minivault_4
D:2:      layout_basic
D:3:      layout_basic, mainiacjoe_overflow_surrounded_room
D:4:      layout_loops_ring, jmf_multi_god_temple

Skill      XL: |  1  2  3  4 |
---------------+-------------+-----
Fighting       | 1 2 |  2.7
Earth Magic    | 3 |  3.9
Spellcasting   | 3 |  3.3
Conjurations   | 1 |  1.2
Dodging        | |  1.7
Stealth        | |  1.7
Transmutations | |  0.8

Action                   |  1- 3 |  4- 6 || total
-------------------------+-------+-------++-------
Melee: Unarmed           |     1 |       ||     1
       Short sword       |    25 |       ||    25
       Dagger            |    18 |    17 ||    35
 Cast: Sandblast         |    41 |    11 ||    52
       Stone Arrow       |       |     1 ||     1
  Use: Scroll            |     3 |     1 ||     4
 Stab: Sleeping          |     5 |     1 ||     6
       Paralysed         |     8 |     1 ||     9
Armor: Robe              |    16 |     9 ||    25
Dodge: Dodged            |    27 |    10 ||    37
